 Dungeon Crawl Stone Soup version 0.31-a0-557-g6e16503903 (webtiles) character file.

Game seed: 7814042630448820790

446 Hubris850 the Changeling (level 6, 0/47 HPs)
             Began as a Draconian Shapeshifter on Aug 16, 2023.
             Slain by an ice beast (1 damage)
             ... on level 6 of the Dungeon.
             The game lasted 00:05:37 (2050 turns).

Hubris850 the Changeling (Draconian Shapeshifter)   Turns: 2050, Time: 00:05:38

Health: 0/47       AC:  6    Str: 17    XL:     6   Next: 73%
Magic:  6/6        EV: 12    Int: 10    God:
Gold:   92         SH:  0    Dex: 12    Spells: 4/5 levels left

rFire   . .          .
                       - Unarmed
rCold   . . .        (no shield)
rNeg    . . .        (body armour unavailable)
rPois   .            (helmet currently unavailable)
rElec   .            (cloak currently unavailable)
rCorr   .            (gloves currently unavailable)
SInv    .            (boots currently unavailable)
Will    .....        (no amulet)
Stlth   +            (no ring)
HPRegen 0.27/turn    (no ring)
MPRegen 0.10/turn

%: no passive effects
@: beast-form, slowed, very slow
A: beast (slay +3), AC +6, unfitting armour, cold-blooded
a: Begin Untransformation


You were on level 6 of the Dungeon.
You were a hulking beast.
You visited 1 branch of the dungeon, and saw 4 of its levels.

You collected 92 gold pieces.

Inventory:

Missiles
 g - 5 boomerangs
 h - 10 poisoned darts
Talismans
 b - a beast talisman (active)
 c - a flux talisman
Scrolls
 f - 4 scrolls of amnesia {unknown}
 l - a scroll of identify {unknown}
Potions
 a - a potion of lignification
 d - a potion of heal wounds {unknown}
 e - a potion of invisibility {unknown}
 i - a potion of degeneration {unknown}
 j - a potion of attraction {unknown}
 k - a potion of resistance


   Skills:
 - Level 1.1 Fighting
 - Level 1.7 Dodging
 - Level 5.0 Unarmed Combat
 + Level 5.7 Shapeshifting


You had 4 spell levels left.
You knew the following spells:

 Your Spells              Type           Power      Damage    Failure   Level
a - Summon Small Mammal   Summ           0%         N/A       36%         1

Your spell library contained the following spells:

 Spells                   Type           Power      Damage    Failure   Level
 Freeze                   Ice            0%         1d3       36%         1
 Call Canine Familiar     Summ           0%         N/A       75%         3
 Frozen Ramparts          Ice            0%         1d1       75%         3
 Gell's Gravitas          Tloc           0%         N/A       75%         3
 Hailstorm                Conj/Ice       0%         3d3       75%         3
 Summon Guardian Golem    Hex/Summ       0%         N/A       75%         3
 Teleport Other           Tloc           0%         N/A       75%         3
 Cause Fear               Hex            0%         N/A       98%         4
 Fireball                 Conj/Fire      0%         3d3       100%        5
 Dispersal                Tloc           0%         N/A       100%        6
 Dragon's Call            Summ           0%         N/A       100%        9


Dungeon Overview and Level Annotations

Branches:
Dungeon (3/15)

Altars:
Cheibriados
Vehumet
Xom

Shops:
D:2 :


Innate Abilities, Weirdness & Mutations

You are a hulking beast.
Your limbs bulge with bestial killing power. (Slay +3)
Your plain brown scales are hard. (AC +6)
You cannot fit into any form of body armour.
You are cold-blooded and may be slowed by cold attacks.


Message History

You hit the ice beast.
The ice beast is moderately wounded.
The ice beast closely misses you. The orc closely misses you.
You hit the ice beast.
The ice beast is heavily wounded.
The ice beast hits you but does no damage.
The orc closely misses you.
You barely miss the ice beast.
The ice beast is heavily wounded.
The ice beast hits you but does no damage.
The orc hits you with a +0 club.
You barely miss the ice beast.
The ice beast is heavily wounded.
The ice beast completely misses you. The orc hits you but does no damage.
You hit the ice beast.
The ice beast is severely wounded.
The orc closely misses you. The ice beast barely misses you.
You punch the ice beast!
The ice beast is almost dead.
The ice beast hits you. The ice beast freezes you!
The orc hits you with a +0 club.
You hit the ice beast.
The ice beast is almost dead.
The orc hits you with a +0 club. The ice beast hits you.
The ice beast freezes you.
You feel yourself slow down.
You are too injured to fight recklessly!
You are too injured to fight recklessly!
You are too injured to fight recklessly!
You hit the ice beast but do no damage.
The ice beast is almost dead.
The orc hits you but does no damage. The ice beast hits you.
The ice beast freezes you!
You feel as though you will be slow longer.
* * * LOW HITPOINT WARNING * * *
You hit the ice beast but do no damage. Your punch misses the ice beast.
The ice beast is almost dead.
The orc hits you with a +0 club.
* * * LOW HITPOINT WARNING * * *
The ice beast hits you.
You die...

#..# ##....... #).##
##........ ##).#
##.........
#..###.......... .##
#.)##...........
....###
##).............
#....[##).##...........
#.....####...........
####h## #..).).......
#Yo# ##.))).......
..o## ###....#....
..... #....####.
/...... #....# .......
#....# .P...ยง. #....#
....?.. ##...# #...#


You could see an ice beast and 2 orcs.

Vanquished Creatures
  An orc warrior (D:6)
  A bullfrog (D:6)
  A scorpion (D:6)
  A hound (D:6)
  An orc priest (D:6)
  3 orc wizards (D:6)
  2 adders
  A worm (D:2)
  A dart slug (D:1)
  15 orcs
  5 ball pythons
  3 bats
  5 endoplasms
  A giant cockroach (D:1)
  3 goblins
  4 hobgoblins
  A jackal (D:1)
  4 kobolds
  2 quokkas
  6 frilled lizards
  4 rats
65 creatures vanquished.

Notes
Turn   | Place    | Note
-------+----------+-------------------------------------------
     0 | D:1      | Hubris850 the Draconian Shapeshifter began the quest for
                  | the Orb.
     0 | D:1      | Reached XP level 1. HP: 16/16 MP: 1/1
   113 | D:1      | Reached XP level 2. HP: 21/23 MP: 2/2
   129 | D:1      | Learned a level 1 spell: Summon Small Mammal
   523 | D:2      | Found a snail-covered altar of Cheibriados.
   610 | D:2      | Found Hihuf's Book Shop.
   711 | D:2      | Reached XP level 3. HP: 28/28 MP: 3/3
  1309 | D:3      | Found a radiant altar of Vehumet.
  1348 | D:3      | Found a shimmering altar of Xom.
  1464 | D:3      | Reached XP level 4. HP: 35/35 MP: 4/4
  1589 | D:3      | You fall into a shaft and drop 3 floors!
  1599 | D:6      | Noticed a bullfrog
  1605 | D:6      | Killed a bullfrog
  1606 | D:6      | Reached XP level 5. HP: 35/40 MP: 5/5
  1691 | D:6      | Noticed an orc warrior
  1706 | D:6      | Killed an orc warrior
  1707 | D:6      | Reached skill level 5 in Unarmed Combat
  1725 | D:6      | HP: 2/40 [orc/+0 whip (4)]
  1795 | D:6      | Reached skill level 5 in Shapeshifting
  1795 | D:6      | Reached XP level 6. HP: 21/47 MP: 6/6
  2033 | D:6      | Noticed an ice beast
  2050 | D:6      | HP: 1/47 [orc/+0 club (3)]
  2050 | D:6      | Slain by an ice beast

Illustrated notes

Levels and vault maps discovered:
D:1:      lemuel_arrival_funnel, layout_rooms, minmay_tetromino_s4
D:2:      layout_basic, serial_shops, shop_statue, basic_altar,
          dreamdust_princess_bridge, kennysheep_generic_room_16
D:3:      layout_basic, mainiacjoe_overflow_catch_the_wave, xom_teletrap_fun
D:6:      layout_cave_pods, nicolae_hepliaklqana_hazy_memory

Skill      XL: |  1  2  3  4  5 |
---------------+----------------+-----
Unarmed Combat | 4 5 |  5.0
Shapeshifting  | 4 5 |  5.7
Fighting       | |  1.1
Dodging        | |  1.7

Action                     |  1- 3 |  4- 6 || total
---------------------------+-------+-------++-------
  Melee: Unarmed           |    95 |    91 ||   186
         Punch             |     3 |     2 ||     5
         Tailslap          |     9 |     4 ||    13
  Throw: Dart              |       |     5 ||     5
    Use: Potion            |       |     2 ||     2
   Stab: Sleeping          |     1 |       ||     1
 Armour: Skin              |    18 |    88 ||   106
  Dodge: Dodged            |    47 |    44 ||    91

Table legend: (Time is in decaauts)
 A = Elapsed time spent in this place.
 B = Non-inter-level travel time spent in this place.
 C = Inter-level travel time spent in this place.
 D = Time resting spent in this place.
 E = Time spent auto-exploring this place.
 F = Levels seen in this place.
 G = Mean time per level.
                   A        B        C        D        E       F      G
               +--------+--------+--------+--------+--------+-----+--------+
         Total |   2034 |   1971 |     63 |    214 |   1340 |   4 |  508.5 |
       Dungeon |   2034 |   1971 |     63 |    214 |   1340 |   4 |  508.5 |
               +--------+--------+--------+--------+--------+-----+--------+

Top non-repeatable levels by time:
     D:2: 672 daAuts
     D:1: 520 daAuts
     D:6: 453 daAuts
     D:3: 388 daAuts
